 Dungeon Crawl Stone Soup version bcrawl-1.35.5c (webtiles) character file.

Game seed: 10191475512909676363

145335 Danton1414 the Grave Robber (level 6, -1/42 HPs)
             Began as a Demonspawn Necromancer on Mar 17, 2022.
             Slain by an ogre
             ... wielding a +0 giant spiked club
              (30 damage)
             ... on level 4 of the Dungeon.
             The game lasted 01:00:55 (4541 turns).

Danton1414 the Grave Robber (DsNe)                  Turns: 4541, Time: 01:00:55

Health: -1/42      AC:  4    Str:  8    XL:     6   Next: 55%
Magic:  4/12       EV: 12    Int: 19    God:
Gold:   305        SH:  0    Dex: 13    Spells: 8/13 levels left

rFire    x . .     SeeInvis .   v - +1 dagger (venom)
rCold    + . .     Gourm    .   (no shield)
rNeg     . . .     Faith    .   b - +0 robe
rPois    +         Spirit   .   (helmet restricted)
rElec    .         Reflect  .   (no cloak)
rCorr    .                      (no gloves)
MR       .....                  (no boots)
Stlth    ++........             (no amulet)
HPRegen  0.14/turn              t - ring "Hisyluum" {Ice rPois} (curse)
MPRegen  0.13/turn              (no ring)

@: no status effects
A: horns 1, thin metallic scales 1
a: no special abilities


You were on level 4 of the Dungeon.
You were very hungry.

You visited 1 branch of the dungeon, and saw 4 of its levels.

You collected 305 gold pieces.

Inventory:

Hand Weapons
 a - a +1 dagger
 f - a +0 club
 k - a +0 dagger
 l - a +0 club
 o - a +0 dagger
 v - a +1 dagger of venom (weapon)
 w - a +0 hunting sling of freezing
Missiles
 c - 526 stones (quivered)
 h - 134 bolts
 n - 12 curare-tipped needles
 p - 548 sling bullets
Armour
 b - a +0 robe (worn)
Jewellery
 t - the cursed ring "Hisyluum" (left hand) {Ice rPois}
   (You found it on level 3 of the Dungeon)

   [ring of ice]

   It enhances your ice magic.
   It makes you vulnerable to fire.
   It protects you from cold.
   It protects you from poison.
   It has a curse placed upon it.
Wands
 u - a wand of polymorph (14)
Scrolls
 d - 2 scrolls of enchant armour
 g - 2 scrolls of immolation
 j - 4 scrolls of noise
 m - a scroll of teleportation
 r - a scroll of enchant weapon {unknown}
 s - 2 scrolls of amnesia
Potions
 q - a potion of heal wounds {unknown}
 z - a potion of magic {unknown}
 A - a potion of resistance
Comestibles
 e - 6 rations {!d}
 x - 7 chunks of flesh


   Skills:
 + Level 0.3 Fighting
 - Level 0.2 Short Blades
 + Level 0.1(0.2) Slings
 + Level 2.1 Dodging
 + Level 2.5 Stealth
 + Level 4.2 Spellcasting
 + Level 6.8 Necromancy


You had 8 spell levels left.
You knew the following spells:

 Your Spells              Type           Power        Failure   Level  Hunger
a - Pain                  Necr           ####..       1%          1    None
b - Animate Skeleton      Necr           N/A          1%          1    None
c - Vampiric Draining     Necr           ####......   2%          3    ###....

Your spell library contained the following spells:

 Spells                   Type           Power        Failure   Level  Hunger
 Agony                    Necr           ####....     8%          4    #####..
 Animate Dead             Necr           N/A          8%          4    #####..
 Dispel Undead            Necr           ####....     22%         5    ######.


Dungeon Overview and Level Annotations

Branches:
Dungeon (4/12)
 Temple: D:4-7

Altars:
Cheibriados
Gozag

Shops:
D:4 ?[


Innate Abilities, Weirdness & Mutations

You have a pair of small horns on your head.
You are partially covered in thin metallic scales. (AC +2)


Message History

Casting: Vampiric Draining (safe; 2% risk of failure)
Confirm with . or Enter, or press ? or * to list all spells.
Aiming: Vampiric Draining (safe; 2% risk of failure)
Press: ? - help, Shift-Dir - straight line, f - ogre
Aim: an ogre, wielding a +0 giant spiked club
Okay, then.
Casting: Vampiric Draining (safe; 2% risk of failure)
Confirm with . or Enter, or press ? or * to list all spells.
Aiming: Pain (safe; 1% risk of failure)
Press: ? - help, Shift-Dir - straight line, f - ogre
Aim: an ogre, wielding a +0 giant spiked club (chance to defeat MR: 87%)
The ogre writhes in agony.
The ogre barely misses you. The ogre barely misses you.
The phantom blinks!
The phantom blinks!
The phantom blinks!
The phantom blinks!
The ogre hits you with a +0 giant spiked club!!
Ouch! That really hurt!
You die...

######## ######......#
######...........#
#...##.####.....)#
#...........§..#.#
#####......§.#####.#.#
#............#.....%..
#.@..##+#.#........
.##.WO.##.#.######...
#....#.......# #...
#..#.........# #...
#....#.......# #...
#..#.........# ##+#
#....#.###.#.#
#..#...# #.#.#
##...#.# #.#.#


You could see a phantom and an ogre.

Vanquished Creatures
  A scorpion (D:4)
  A howler monkey (D:2)
  2 orc wizards (D:3)
  Ijyb (D:3)
  An iguana (D:4)
  Robin (D:4)
  5 adders
  A shadow imp (D:4)
  An ooze (D:2)
  An adder skeleton (D:4)
  3 worms (D:2)
  3 dart slugs
  3 leopard geckos
  10 orcs (D:3)
  2 giant cockroaches
  18 goblins
  6 hobgoblins
  9 jackals
  A quokka (D:3)
  2 ball pythons
  6 bats
  4 frilled lizards (D:1)
  11 kobolds
  3 rats
96 creatures vanquished.

Vanquished Creatures (collateral kills)
  A leopard gecko (D:3)
  2 orcs (D:3)
  A giant cockroach (D:3)
  2 goblins (D:4)
  3 kobolds
  A quokka skeleton (D:2)
10 creatures vanquished.

Grand Total: 106 creatures vanquished

Notes
Turn   | Place    | Note
-------+----------+-------------------------------------------
     0 | D:1      | Danton1414 the Demonspawn Necromancer began the quest for
                  | the Orb.
     0 | D:1      | Reached XP level 1. HP: 13/13 MP: 3/3
   424 | D:1      | Gained mutation: You are partially covered in thin metallic
                  | scales. (AC +2) [demonic ancestry]
   424 | D:1      | Reached XP level 2. HP: 13/19 MP: 5/5
   680 | D:1      | Reached skill level 5 in Necromancy
  1162 | D:1      | Reached XP level 3. HP: 16/24 MP: 0/6
  1257 | D:1      | Learned a level 3 spell: Vampiric Draining
  1826 | D:2      | Found a snail-covered altar of Cheibriados.
  1981 | D:2      | Gained mutation: You have a pair of small horns on your
                  | head. [demonic ancestry]
  1981 | D:2      | Reached XP level 4. HP: 26/30 MP: 3/7
  2187 | D:2      | Reached skill level 6 in Necromancy
  2844 | D:3      | Reached XP level 5. HP: 31/35 MP: 3/9
  3030 | D:3      | Got a crude gossamer ring
  3040 | D:3      | Found an opulent altar of Gozag.
  3051 | D:3      | Identified the cursed ring "Hisyluum" {Ice rPois} (You
                  | found it on level 3 of the Dungeon)
  3134 | D:3      | Noticed Ijyb
  3167 | D:3      | Killed Ijyb
  3612 | D:3      | Reached XP level 6. HP: 24/41 MP: 2/11
  4122 | D:4      | Found Xodi Ine's Magic Scroll Shop.
  4188 | D:4      | Noticed Robin
  4190 | D:4      | Found Bymadost's Antique Armour Emporium.
  4411 | D:4      | Killed Robin
  4541 | D:4      | Slain by an ogre

Skill      XL: |  1  2  3  4  5  6 |
---------------+-------------------+-----
Necromancy     | 5 6 |  6.8
Dodging        | 2 |  2.1
Spellcasting   | 3 4 |  4.2
Fighting       | |  0.3
Short Blades   | |  0.2
Slings         | |  0.1
Stealth        | |  2.5

Action                   |  1- 3 |  4- 6 || total
-------------------------+-------+-------++-------
Melee: Dagger            |    25 |    41 ||    66
       Headbutt          |       |     5 ||     5
 Fire: Hunting sling     |       |     4 ||     4
Throw: Stone             |     5 |     3 ||     8
 Cast: Pain              |    70 |   104 ||   174
       Animate Skeleton  |    11 |    32 ||    43
       Vampiric Draining |       |     3 ||     3
  Use: Potion            |     1 |       ||     1
       Scroll            |       |     5 ||     5
 Stab: Sleeping          |       |     1 ||     1
  Eat: Chunk             |     2 |    11 ||    13
       Ration            |     1 |       ||     1
Armor: Robe              |     9 |    22 ||    31
       Skin              |       |     3 ||     3
Dodge: Dodged            |    37 |    52 ||    89
